Map: Incorporeal LE

Players

ManlyManMeat - Winner!

  • Race: Zerg Zerg
  • League: Platinum
  • Spawn Location: 11:00

ThePsychic

  • Race: Zerg Zerg
  • League: Master
  • Spawn Location: 5:00

VOD

Have the link to the VOD?

Description

Time

  • Played on: June 20, 2025, 12:09 p.m.
  • Length: 10:12
Show
View Real Time Build Order
Export as new Build Order

ManlyManMeat Zerg - Winner!

Build Orders: Hatch First 

Get SALT Encoding   

  12  0:00  Drone  
  13  0:08  Drone  
  14  0:15  Extractor  
  14  0:16  Drone  
  15  0:24  Overlord  
  15  0:43  Drone  
  15  0:46  Hatchery  
  15  0:50  Drone  
  15  0:54  Drone  
  17  1:04  Extractor  
  17  1:09  Spawning Pool  
  15  1:13  Drone  
  15  1:16  Drone  
  17  1:21  Drone  
  18  1:27  Drone  
  19  1:36  Drone  
  20  1:56  Queen  
  20  1:58  Queen  
  20  1:59  Zergling x4  
  26  2:03  Overlord  
  26  2:10  Overlord  
  26  2:14  Drone  
  27  2:22  Metabolic Boost  
  27  2:27  Baneling Nest  
  26  2:33  Drone x2  
  28  2:52  Hatchery  
  28  2:56  Drone x2  
  29  3:06  Queen  
  29  3:12  Zergling x4  
  33  3:32  Zergling x14  
  39  3:38  Drone x2  
  41  3:52  Evolution Chamber  
  41  3:54  Evolution Chamber  
  41  3:55  Extractor  
  38  4:01  Baneling x2  
  38  4:05  Overlord  
  38  4:06  Drone x3  
  41  4:16  Baneling x4  
  41  4:17  Baneling  
  41  4:19  Drone x2  
  41  4:36  Roach Warren  
  39  4:50  Zergling x14  
  42  5:09  Zergling x6  
  42  5:10  Zergling x6  
  40  5:17  Zergling x4  
  39  5:24  Queen  
  39  5:25  Drone x2  
  41  5:35  Zerg Melee Weapons Level 1  
  40  5:42  Drone x2  
  42  5:43  Drone x2  
  42  5:48  Baneling  
  44  6:02  Zergling x14  
  48  6:12  Drone x5  
  53  6:20  Roach x2  
  53  6:22  Overlord  
  57  6:33  Overlord x2  
  57  6:47  Overlord x2  
  57  6:51  Queen  
  57  6:54  Roach x3  
  65  7:04  Overlord  
  65  7:05  Overlord x2  
  65  7:18  Roach x8  
  81  7:29  Zerg Ground Armor Level 1  
  81  7:32  Ravager x2  
  82  7:43  Roach x9  
  97  7:54  Drone x2  
  97  7:55  Drone x3, Overlord  
  90  8:20  Roach  
  90  8:21  Roach x8  
  98  8:35  Zergling x10  
  103  8:51  Zergling x12  
  103  8:52  Zergling x2  
  103  8:55  Overlord  
  106  9:16  Zergling x6, Roach x6  
  120  9:29  Zergling x10  
  120  9:30  Overlord  
  112  9:51  Zergling x10  
  112  9:52  Zergling x4  
Show
View Real Time Build Order
Export as new Build Order

ThePsychic Zerg 

Build Orders: Hatch First 

Get SALT Encoding   

  12  0:00  Drone  
  13  0:07  Drone  
  14  0:30  Hatchery  
  14  0:34  Drone  
  14  0:41  Drone, Extractor  
  15  0:55  Spawning Pool  
  14  0:58  Extractor  
  14  1:00  Drone  
  15  1:06  Overlord  
  15  1:18  Extractor  
  14  1:25  Drone x3  
  17  1:39  Drone  
  18  1:43  Queen  
  18  1:44  Zergling x2  
  21  1:52  Queen  
  23  1:57  Drone  
  24  2:15  Drone  
  24  2:16  Drone x3  
  24  2:18  Overlord  
  28  2:22  Metabolic Boost  
  28  2:43  Drone, Roach Warren  
  28  2:44  Drone x3  
  30  2:55  Zergling x4  
  30  2:56  Zergling x2  
  33  3:07  Drone x2  
  34  3:33  Overlord x2  
  34  3:49  Hatchery  
  34  3:51  Roach x3  
  34  3:52  Roach x4  
  47  3:57  Evolution Chamber  
  47  4:00  Evolution Chamber  
  45  4:08  Roach x3  
  50  4:30  Roach  
  50  4:37  Zerg Missile Weapons Level 1  
  50  4:44  Zergling x2  
  51  4:45  Overlord x2  
  51  4:46  Overlord  
  49  4:55  Roach  
  49  4:58  Zergling x2  
  48  5:15  Zergling x18  
  45  5:24  Zergling x6  
  45  5:32  Zergling x2, Queen  
  45  5:33  Queen  
  45  5:44  Queen  
  45  5:46  Drone  
  48  6:08  Queen x2  
  52  6:17  Roach x4  
  52  6:18  Roach x4  
  68  6:20  Drone  
  68  6:23  Drone x2  
  71  6:38  Roach x4  
  79  6:46  Drone x3  
  82  6:48  Overlord  
  82  7:02  Overlord x2  
  82  7:28  Drone x11  
  92  7:36  Zerg Ground Armor Level 1  
  92  7:42  Extractor  
  81  7:48  Extractor  
  80  8:06  Hatchery  
  79  8:19  Roach  
  80  8:20  Roach x4  
  77  8:33  Drone x13  
  88  8:40  Extractor  
  87  8:54  Queen x3  
  93  8:56  Overlord x2  
  93  8:57  Hatchery  
  92  9:09  Roach x2  
  92  9:11  Roach x3  
  92  9:12  Roach x5  
  102  9:24  Roach x2  
  102  9:25  Roach x2  
  102  9:33  Roach  
  102  9:34  Roach x3  
  100  9:39  Roach x2  
  98  9:52  Roach x4  
  96  9:53  Zergling x10  
Tags
 
Add a new tag
Caveats
  • Supply blocks, unpowered buildings, or Contaminate may cause inaccurate times.
  • Supply counts are checked every 10 seconds.